 Dungeon Crawl Stone Soup version 0.20.0-15-g7f486f2 (webtiles) character file.

157 pib the Skirmisher (level 5, 0/42 HPs)
             Began as a Formicid Abyssal Knight on June 17, 2017.
             Was a Believer of Lugonu.
             Slain by a bullfrog skeleton (5 damage)
             ... on level 5 of the Dungeon.
             The game lasted 00:07:03 (3567 turns).

pib the Skirmisher (Formicid Abyssal Knight)        Turns: 3567, Time: 00:07:04

Health: 0/42       AC: 10    Str: 17    XL:     5   Next: 66%
Magic:  6/6        EV:  7    Int: 12    God:    Lugonu [**....]
Gold:   229        SH:  3    Dex: 10    Spells: 4/4 levels left

rFire    . . .     SeeInvis +   a - +1 hand axe
rCold    . . .     Gourm    .   s - +0 buckler
rNeg     . . .     Faith    .   t - +0 chain mail
rPois    .         Spirit   .   (helmet unavailable)
rElec    .         Reflect  .   m - +0 cloak
rCorr    .         Harm     .   (no gloves)
MR       .....                  (no boots)
Stlth    ..........             (no amulet)
Regen    0.2/turn               (no ring)
MPRegen  0.1/turn               (no ring)

@: no status effects
A: permanent stasis, dig shafts and tunnels, four strong arms, antennae 3
a: Dig, Shaft Self, Depart the Abyss, Bend Space, Renounce Religion


You were on level 5 of the Dungeon.
You worshipped Lugonu.
Lugonu was pleased with you.
You were hungry.

You visited 1 branch of the dungeon, and saw 5 of its levels.
You visited the Abyss 1 time.

You collected 229 gold pieces.

Inventory:

Hand Weapons
 a - a +1 hand axe (weapon)
 v - a +0 hunting sling
Missiles
 n - 78 stones (quivered)
Armour
 b - a +0 leather armour
 h - a +0 ring mail
 m - a +0 cloak (worn)
 s - a +0 buckler (worn)
 t - a +0 chain mail (worn)
Scrolls
 d - a scroll of amnesia {unknown}
 f - 4 scrolls of teleportation {unknown}
 g - 3 scrolls of fear {unknown}
 i - 4 scrolls of identify {unknown}
 l - a scroll of magic mapping {unknown}
 o - 4 scrolls of remove curse {unknown}
 q - a scroll of immolation {unknown}
 y - a scroll of blinking {unknown}
Potions
 e - a potion of haste {unknown}
 j - a potion of mutation {unknown}
 p - a potion of flight {unknown}
 r - a potion of brilliance {unknown}
 w - a potion of might {unknown}
 x - a potion of curing {unknown}
 z - a potion of agility {unknown}
Comestibles
 c - 4 bread rations
 k - 2 meat rations
 u - a royal jelly
 A - 2 chunks of flesh


   Skills:
 + Level 4.0 Fighting
 + Level 2.8 Axes
 + Level 3.4 Armour
 + Level 2.5 Dodging
 + Level 1.6 Shields
 - Level 2.1 Invocations


You had 4 spell levels left.
You didn't know any spells.

Dungeon Overview and Level Annotations

Branches:
Dungeon (5/15)
 Temple: D:4-7

Altars:
Makhleb
Xom


Innate Abilities, Weirdness & Mutations

You cannot be hasted, slowed, berserked, paralysed or teleported.
You can dig through walls and to a lower floor.
Your four strong arms can wield two-handed weapons with a shield.
You have a pair of large antennae on your head. (SInv)


Message History

The orc hits you with a trident.
* * * LOW HITPOINT WARNING * * *
Space bends around you!
You blink.
An ogre comes into view. It is wielding a giant club.
You enter the shallow water.
Moving in this stuff is going to be slow.
Found a stone staircase leading down.
Found a whip.
Found a lumpy sapphire potion.
A scorpion comes into view.
There is a stone staircase leading down here.
You climb downwards.
A bullfrog skeleton comes into view.
There is a stone staircase leading up here.
The bullfrog skeleton hits you but does no damage.
Okay, then.
You hit the bullfrog skeleton.
The bullfrog skeleton is lightly damaged.
The bullfrog skeleton hits you.
You die...

#
#.####
#..@<#
####Z#
#.#
#.#
#.#
#.#
..#
###


You could see a bullfrog skeleton.

Vanquished Creatures
  An orc wizard (D:4)
  5 adders
  3 oozes
  A worm (D:2)
  2 dart slugs
  A leopard gecko (D:1)
  3 orcs
  3 giant cockroaches
  8 goblins
  6 hobgoblins
  2 jackals
  8 kobolds
  3 quokkas
  7 bats
  A leopard gecko zombie (D:3)
  4 rats
58 creatures vanquished.

Notes
Turn   | Place    | Note
-------+----------+-------------------------------------------
     0 | Abyss:1  | pib the Formicid Abyssal Knight began the quest for the Orb.
     0 | Abyss:1  | Reached XP level 1. HP: 18/18 MP: 2/2
    45 | Abyss:1  | Noticed a small abomination
   124 | Abyss:2  | Noticed a raiju
   127 | D:1      | Escaped the Abyss
   159 | D:1      | Reached skill level 1 in Dodging
   330 | D:1      | Reached XP level 2. HP: 22/24 MP: 3/3
   368 | D:1      | HP: 1/24 [hobgoblin (1)]
   903 | D:1      | Reached * piety under Lugonu
  1373 | D:1      | Reached XP level 3. HP: 18/29 MP: 4/4
  1845 | D:2      | Found a burning altar of Makhleb.
  1991 | D:2      | Reached XP level 4. HP: 35/36 MP: 5/5
  2182 | D:2      | Found a shimmering altar of Xom.
  2921 | D:2      | Reached skill level 1 in Shields
  2921 | D:2      | Reached XP level 5. HP: 19/42 MP: 6/6
  3267 | D:3      | Reached ** piety under Lugonu
  3529 | D:4      | Reached skill level 4 in Fighting
  3542 | D:4      | Noticed an ogre
  3565 | D:5      | Entered Level 5 of the Dungeon
  3567 | D:5      | Slain by a bullfrog skeleton

Skill      XL: |  1  2  3  4  5 |
---------------+----------------+-----
Dodging        | 1 2 |  2.5
Armour         | 3 |  3.4
Shields        | 1 |  1.6
Fighting       | 4 |  4.0
Axes           | |  2.8
Invocations    | |  2.1

Action                   |  1- 3 |  4- 6 || total
-------------------------+-------+-------++-------
Melee: Hand axe          |   116 |   143 ||   259
Invok: Depart the Abyss  |     1 |       ||     1
       Bend Space        |       |     2 ||     2
 Stab: Sleeping          |     1 |       ||     1
  Eat: Chunk             |     3 |     5 ||     8
Armor: Leather armour    |    27 |       ||    27
       Ring mail         |     5 |    12 ||    17
       Chain mail        |       |    92 ||    92
Dodge: Dodged            |    64 |    61 ||   125
Block: Buckler           |     1 |    27 ||    28
